 Dungeon Crawl Stone Soup version 0.27.0-1-g7a089689b8 (webtiles) character file.

Game seed: 13855441845866220263

5 ZenoRockbell the Firebug (level 1, 0/15 HPs)
             Began as a Demonspawn Wanderer on Aug 10, 2021.
             Slain by a ball python (1 damage)
             ... on level 1 of the Dungeon on Aug 12, 2021.
             The game lasted 00:02:14 (255 turns).

ZenoRockbell the Firebug (Demonspawn Wanderer)       Turns: 255, Time: 00:02:15

Health: 0/15       AC:  3    Str: 15    XL:     1   Next: 66%
Magic:  3/3        EV:  7    Int: 11    God:
Gold:   22         SH:  3    Dex: 11    Spells: 4/4 levels left

rFire    . . .     SeeInvis .   a - +0 club
rCold    . . .     Faith    .   c - +0 buckler
rNeg     . . .     Spirit   .   d - +0 robe
rPois    .         Reflect  .   (no helmet)
rElec    .         Harm     .   (no cloak)
rCorr    .         Rampage  .   f - +0 pair of gloves
Will     .....                  (no boots)
Stlth    +.........             (no amulet)
HPRegen  0.05/turn              (no ring)
MPRegen  0.08/turn              (no ring)

@: constricted
A: no striking features
a: no special abilities


You were on level 1 of the Dungeon.
You visited 1 branch of the dungeon, and saw 1 of its levels.

You collected 22 gold pieces.

Inventory:

Hand Weapons
 a - a +0 club (weapon)
Armour
 c - a +0 buckler (worn)
 d - a +0 robe (worn)
 f - a +0 pair of gloves (worn)
Scrolls
 g - a scroll of enchant weapon {unknown}
Potions
 b - a potion of berserk rage
 e - a potion of heal wounds


   Skills:
 * Level 1.1 Fighting
 * Level 0.1 Maces & Flails
 * Level 0.1 Armour
 * Level 0.1 Dodging
 - Level 1.0 Stealth
 * Level 1.0 Shields
 - Level 1.0 Unarmed Combat
 + Level 2.0 Spellcasting
 + Level 2.8 Fire Magic
 * Level 1.0 Evocations


You had 4 spell levels left.
You didn't know any spells.
Your spell library contained the following spells:

 Spells                   Type           Power      Damage    Failure   Level
 Corpse Rot               Necr/Air       N/A        N/A       54%         2
 Poisonous Vapours        Pois/Air       2%         N/A       54%         2
 Static Discharge         Conj/Air       1%         N/A       54%         2
 Sticky Flame             Conj/Fire      4%         2d3       94%         4
 Dispel Undead            Necr           1%         3d6       99%         4


Dungeon Overview and Level Annotations

Branches:
Dungeon (1/15)

Altars:


Message History

You hit the dart slug.
The dart slug is lightly wounded.
The dart slug launches a dart at you. The slug dart hits you.
You hit the dart slug but do no damage.
The dart slug is lightly wounded.
The dart slug closely misses you.
You hit the dart slug but do no damage.
The dart slug is lightly wounded.
The dart slug barely misses you. The ball python closely misses you.
The ball python barely misses you.
You completely miss the dart slug.
The dart slug is lightly wounded.
The dart slug misses you. The ball python bites you.
The ball python misses you.
You hit the dart slug.
The dart slug is lightly wounded.
The ball python bites you but does no damage.
The ball python grabs you. The ball python constricts you.
The dart slug barely misses you. The ball python closely misses you.
The ball python constricts you.
You hit the dart slug but do no damage.
The dart slug is lightly wounded.
The ball python bites you but does no damage.
The ball python constricts you. The dart slug barely misses you.
The ball python bites you but does no damage.
The ball python constricts you.
You hit the dart slug.
The dart slug is moderately wounded.
The dart slug bites you.
* * * LOW HITPOINT WARNING * * *
The ball python bites you but does no damage.
The ball python constricts you.
You hit the dart slug.
The dart slug is severely wounded.
You block the ball python's attack. The ball python constricts you.
The dart slug bites you.
* * * LOW HITPOINT WARNING * * *
The ball python barely misses you.
You die...

.. .# .....
#.#.# #
#.#.#.#
#.#.#.#
#.>...
#.wS######
##.@.......
#...#######
#.#.# #.#.#
#.#.# #.#.#
#.#.# #
#.#.# #
#.#.#


You could see a dart slug and a ball python.

Vanquished Creatures
  2 bats (D:1)
  A giant cockroach (D:1)
  A goblin (D:1)
4 creatures vanquished.

Notes
Turn   | Place    | Note
-------+----------+-------------------------------------------
     0 | D:1      | ZenoRockbell the Demonspawn Wanderer began the quest for
                  | the Orb.
     0 | D:1      | ZenoRockbell set off with the following items: a +0 club, a
                  | potion of berserk rage, a +0 buckler, a +0 robe, a potion
                  | of heal wounds; and the following spells available to
                  | memorise: Corpse Rot, Poisonous Vapours
     0 | D:1      | Reached XP level 1. HP: 15/15 MP: 3/3
   255 | D:1      | Slain by a ball python

Illustrated notes

Levels and vault maps discovered:
D:1:      scummos_arrival_gate, layout_loops_ring

Action                   || total
-------------------------++-------
Melee: Club              ||    26
  Use: Scroll            ||     1
 Stab: Sleeping          ||     1
Armor: Robe              ||    14
Dodge: Dodged            ||    21
Block: Buckler           ||     3
